 Dungeon Crawl Stone Soup version 0.27.0-66-gdc8fb28755 (webtiles) character file.

Game seed: 7181925212704780627

121 Revguard the Chopper (level 4, -1/35 HPs)
             Began as a Demonspawn Gladiator on Aug 20, 2021.
             Slain by an orc priest (3 damage)
             ... on level 3 of the Dungeon.
             The game lasted 00:05:32 (2184 turns).

Revguard the Chopper (Demonspawn Gladiator)         Turns: 2184, Time: 00:05:33

Health: -1/35      AC:  5    Str: 16    XL:     4   Next: 76%
Magic:  4/4        EV: 11    Int:  9    God:
Gold:   25         SH:  4    Dex: 14    Spells: 3/3 levels left

rFire    . . .     SeeInvis .   a - +0 war axe (drain)
rCold    . . .     Faith    .   (no shield)
rNeg     . . .     Spirit   .   g - +0 ring mail
rPois    .         Reflect  .   (helmet restricted)
rElec    .         Harm     .   (no cloak)
rCorr    .         Rampage  .   (no gloves)
Will     .....                  (no boots)
Stlth    +.........             (no amulet)
HPRegen  0.11/turn              (no ring)
MPRegen  0.09/turn              (no ring)

@: attractive
A: horns 1, condensation shield
a: no special abilities


You were on level 3 of the Dungeon.
You visited 1 branch of the dungeon, and saw 3 of its levels.

You collected 25 gold pieces.

Inventory:

Hand Weapons
 a - a +0 war axe of draining (weapon)
Missiles
 d - 3 throwing nets (quivered)
Armour
 g - a +0 ring mail (worn)
Jewellery
 c - a ring of fire
 e - an amulet of faith


   Skills:
 + Level 3.0 Fighting
 + Level 3.4 Axes
 - Level 1.7 Throwing
 + Level 1.8 Armour
 + Level 3.3 Dodging


You had 3 spell levels left.
You didn't know any spells.
Your spell library contained the following spells:

 Spells                   Type           Power      Damage    Failure   Level
 Inner Flame              Hex/Fire       0%         N/A       92%         3
 Cause Fear               Hex            0%         N/A       100%        4
 Discord                  Hex            0%         N/A       100%        8


Dungeon Overview and Level Annotations

Branches:
Dungeon (3/15)

Altars:
Wu Jian

Shops:
D:3 [


Innate Abilities, Weirdness & Mutations

You have a pair of small horns on your head.
A meltable shield of frost defends you. (SH +4)


Message History

There is an entrance to Aghes's Armour Shoppe here.
c - a ring of fire 2 orcs and an orc priest come into view.
The orc shouts!
The orc priest shouts!
You hear a shout!
An orc comes into view. It is wielding a +0 club.
The orc shouts!
You hear a shout!
The orc hits you with a +0 mace.
You barely miss the orc. The orc hits you with a +0 mace.
You closely miss the orc. You headbutt the orc, but do no damage.
The orc barely misses you.
The orc priest looks satisfied for a moment.
You barely miss the orc. The orc hits you with a +0 hand axe.
You slash the orc!
You kill the orc!
An orc comes into view. It is wielding a +0 war axe.
You barely miss the orc. Your headbutt misses the orc.
The orc barely misses you.
The orc priest mumbles some strange prayers to Beogh against you.
Beogh smites you! The orc closely misses you.
You slash the orc!
You kill the orc!
You completely miss the orc. You block the orc's attack.
The orc barely misses you.
You slash the orc!
You kill the orc!
The orc priest hits you but does no damage.
You barely miss the orc priest. The orc priest barely misses you.
You barely miss the orc priest.
The orc priest hits you with a +0 dagger.
Your ring mail prevents you from hitting the orc priest.
You headbutt the orc priest!
The orc priest is heavily wounded.
The orc priest hits you with a +0 dagger.
The orc priest calls down the wrath of Beogh upon you.
Beogh smites you!
* * * LOW HITPOINT WARNING * * *
It was a potion of attraction.
You feel attractive to monsters.
The orc priest hits you with a +0 dagger.
You die...

#. #.#..# ##...#####
####..##.#..# #...#####
......#..#..# #........
............# #####...#####
......#.#...###..♣........#
...............♣.∩.♣.......
....###.#######..♣........#
. #....# ###.#........
####@# #.#....#### #o#
#.#.<..# #o# #.#....# #.#
#.##.#.# #.# #. ...# ..#
###


You could see an orc priest and an orc.

Vanquished Creatures
  A jelly (D:3)
  3 adders
  A dart slug (D:1)
  6 orcs (D:3)
  5 ball pythons
  6 bats
  2 endoplasms
  2 giant cockroaches (D:2)
  5 goblins
  3 hobgoblins (D:2)
  4 jackals (D:2)
  A quokka (D:2)
  5 kobolds
  6 rats
50 creatures vanquished.

Vanquished Creatures (others)
  14 plants (D:2)
14 creatures vanquished.

Grand Total: 64 creatures vanquished

Notes
Turn   | Place    | Note
-------+----------+-------------------------------------------
     0 | D:1      | Revguard the Demonspawn Gladiator began the quest for the
                  | Orb.
     0 | D:1      | Reached XP level 1. HP: 16/16 MP: 1/1
    31 | D:1      | You fall into a shaft and drop 1 floor!
    31 | D:2      | Found a faded altar of an unknown god.
   347 | D:2      | Gained mutation: You have a pair of small horns on your
                  | head. [demonic ancestry]
   347 | D:2      | Reached XP level 2. HP: 17/22 MP: 2/2
   711 | D:2      | Reached skill level 1 in Armour
   813 | D:2      | Gained mutation: A meltable shield of frost defends you.
                  | (SH +4) [demonic ancestry]
   813 | D:2      | Reached XP level 3. HP: 25/28 MP: 3/3
  1791 | D:3      | Found an ornate altar of the Wu Jian Council.
  1808 | D:3      | Reached XP level 4. HP: 4/34 MP: 4/4
  1810 | D:3      | HP: 1/34 [poisoned by an adder]
  2145 | D:3      | Found Aghes's Armour Shoppe.
  2184 | D:3      | Slain by an orc priest

Illustrated notes

Levels and vault maps discovered:
D:1:      dpeg_arrival_simpleton_c, layout_rooms, minmay_misc_feat_secret_circle
D:2:      wad_lake_hut, layout_loops_ring, shapermc_ecumenical_altar_notcrosses
D:3:      layout_loops_cross, nicolae_wu_jian_wuxing_cycle,
          mainiacjoe_overflow_cross_hatched, serial_shops, nicolae_shop_trees,
          uniq_crazy_yiuf_cottage, uniq_natasha, uniq_grinder

Skill      XL: |  1  2  3  4 |
---------------+-------------+-----
Axes           | 3 |  3.4
Armour         | 1 |  1.8
Dodging        | 3 |  3.3
Fighting       | 3 |  3.0
Throwing       | |  1.7

Action                   |  1- 3 |  4- 6 || total
-------------------------+-------+-------++-------
Melee: War axe           |   123 |    22 ||   145
       Headbutt          |    14 |     3 ||    17
  Use: Scroll            |     3 |       ||     3
       Potion            |     1 |     1 ||     2
 Stab: Sleeping          |     1 |       ||     1
Armor: Leather armour    |    13 |       ||    13
       Ring mail         |    50 |     3 ||    53
Dodge: Dodged            |   104 |    13 ||   117
Block: Other             |    20 |     1 ||    21
